 Dungeon Crawl Stone Soup version 0.25.0-11-g1f837a7 (webtiles) character file.

Game seed: 4792299205072547731

1374 ratboy the Ruffian (level 8, -8/67 HPs)
             Began as a Ghoul Monk on June 26, 2020.
             Was a Follower of Ru.
             Mangled by Prince Ribbit (16 damage)
             ... on level 6 of the Dungeon.
             The game lasted 00:15:32 (6578 turns).

ratboy the Ruffian (Ghoul Monk)                     Turns: 6578, Time: 00:15:33

Health: -8/67      AC:  7    Str: 17    XL:     8   Next: 66%
Magic:  7/7        EV:  7    Int:  5    God:    Ru [*.....]
Gold:   407        SH:  8    Dex: 11    Spells: 7/7 levels left

rFire    . . .     SeeInvis .     - Unarmed
rCold    + . .     Gourm    .   t - +0 kite shield
rNeg     + + +     Faith    .   a - +0 scale mail
rPois    ∞         Spirit   .   (no helmet)
rElec    .         Reflect  .   q - +0 cloak
rCorr    .         Harm     .   (no gloves)
MR       .....                  (no boots)
Stlth    ++........             (no amulet)
HPRegen  0.00/turn              (no ring)
MPRegen  0.10/turn              (no ring)

@: mighty, rotting
A: rotting body, claws 1, carnivore, cold resistance 1, negative energy
resistance 3, inhibited regeneration, torment resistance, unbreathing, unskilled
1
a: Renounce Religion


You were on level 6 of the Dungeon.
You worshipped Ru.
Ru was aware of your devotion.
You were not hungry.

You visited 2 branches of the dungeon, and saw 7 of its levels.

You collected 407 gold pieces.

Inventory:

Missiles
 m - 50 stones
 p - a throwing net
 v - 7 boomerangs
 x - 2 javelins (quivered)
Armour
 a - a +0 scale mail (worn)
 k - a +0 leather armour of magic resistance
 q - a +0 cloak (worn)
 t - a +0 kite shield (worn)
Magical Staves
 c - an uncursed staff of fire {unknown}
Jewellery
 j - a cursed amulet of inaccuracy {unknown}
Wands
 f - a wand of flame (26)
Scrolls
 d - 2 scrolls of remove curse {unknown}
 e - 5 scrolls of teleportation {unknown}
 i - 2 scrolls of magic mapping {unknown}
 l - 3 scrolls of enchant weapon {unknown}
 n - 3 scrolls of identify {unknown}
 r - 2 scrolls of random uselessness {unknown}
 w - a scroll of immolation {unknown}
Potions
 g - a potion of degeneration
 h - 2 potions of might
 s - a potion of resistance {unknown}
 u - 2 potions of stabbing {unknown}
Comestibles
 b - 13 rations
 o - 4 chunks of flesh


   Skills:
 + Level 4.7 Fighting
 - Level 2.4 Dodging
 + Level 5.9 Stealth
 + Level 2.7 Shields
 * Level 7.9 Unarmed Combat


You had 7 spell levels left.
You didn't know any spells.
Your spell library contained the following spells:

 Spells                   Type           Power        Failure   Level  Hunger
 Foxfire                  Conj/Fire      #...         100%        1    ##.....
 Conjure Flame            Conj/Fire      #.......     100%        3    ####...
 Inner Flame              Hex/Fire       #.......     100%        3    ####...
 Sticky Flame             Conj/Fire      #.......     100%        4    #####..
 Fireball                 Conj/Fire      #.........   100%        5    ######.


Dungeon Overview and Level Annotations

Branches:
Dungeon (6/15)             Temple (1/1) D:4

Altars:
Ashenzari
Cheibriados
Elyvilon
Fedhas
Gozag
Makhleb
Nemelex Xobeh
Okawaru
Qazlal
Ru
Sif Muna
Trog
Uskayaw
Vehumet
Wu Jian
Xom
Yredelemnul
The Shining One

Shops:
D:4 %

Annotations:
D:4 Blork the orc
D:6 Prince Ribbit


Innate Abilities, Weirdness & Mutations

Your body is rotting away.
You thrive on raw meat.
You are immune to poison.
You have sharp fingernails.
You are carnivorous and can eat meat at any time.
Your flesh is cold resistant. (rC+)
You are immune to negative energy. (rN+++)
You do not regenerate when monsters are visible.
You are immune to unholy pain and torment.
You can survive without breathing.
You are somewhat unskilled. (-1 Apt)


Message History

Prince Ribbit hits you!
* * * LOW HITPOINT WARNING * * *
Prince Ribbit barely misses you.
You closely miss Prince Ribbit.
Prince Ribbit is lightly wounded.
Prince Ribbit hits you.
* * * LOW HITPOINT WARNING * * *
You miss Prince Ribbit.
Prince Ribbit is lightly wounded.
Prince Ribbit closely misses you.
You scratch Prince Ribbit.
Prince Ribbit is moderately wounded.
Prince Ribbit barely misses you.
You barely miss Prince Ribbit.
Prince Ribbit is moderately wounded.
Prince Ribbit hits you!
* * * LOW HITPOINT WARNING * * *
You feel very mighty all of a sudden. Prince Ribbit barely misses you.
Prince Ribbit hits you!
You die...

#.. #...## #...........
#.. #....###...........
S#... #..................
..... #(.#...............
#....#..#.....###......#
##....#(.........(.......
#......).......###......#
#...###F######.# ......
#. #n# #.# ... #.# .# #.#
#.. ... ...# .... .....
.. #.


You could see Prince Ribbit.

Vanquished Creatures
  Duvessa (Temple)
  An ice beast (D:5)
  A sky beast (D:4)
  2 ogres
  3 centaurs
  3 scorpions
  Dowan (D:4)
  A crimson imp (D:5)
  An orc priest (D:4)
  A bullfrog skeleton (D:4)
  2 hounds (D:5)
  2 iguanas
  2 worker ants (D:4)
  8 gnolls
  A worker ant zombie (D:5)
  7 adders
  A shadow imp (D:5)
  An ooze (D:3)
  An adder skeleton (D:4)
  2 worms (D:2)
  3 dart slugs
  A leopard gecko (D:4)
  6 orcs
  3 ball pythons
  2 giant cockroaches
  6 goblins
  6 hobgoblins
  6 jackals
  10 kobolds
  5 quokkas
  5 bats
  4 frilled lizards
  5 rats
104 creatures vanquished.

Notes
Turn   | Place    | Note
-------+----------+-------------------------------------------
     0 | D:1      | ratboy the Ghoul Monk began the quest for the Orb.
     0 | D:1      | Reached XP level 1. HP: 19/19 MP: 0/0
   190 | D:1      | Reached XP level 2. HP: 18/25 MP: 1/1
   576 | D:1      | Reached skill level 4 in Unarmed Combat
   818 | D:2      | Reached XP level 3. HP: 19/31 MP: 2/2
  1060 | D:2      | Reached XP level 4. HP: 31/38 MP: 3/3
  1260 | D:2      | Reached skill level 5 in Unarmed Combat
  1398 | D:2      | Reached XP level 5. HP: 45/45 MP: 4/4
  1951 | D:3      | Found a shimmering blue altar of Sif Muna.
  2745 | D:3      | Found an ornate altar of the Wu Jian Council.
  2948 | D:4      | Reached skill level 6 in Unarmed Combat
  2957 | D:4      | Reached XP level 6. HP: 26/50 MP: 5/5
  2986 | D:4      | Found a staircase to the Ecumenical Temple.
  2990 | D:4      | Noticed Dowan
  2991 | D:4      | Noticed Duvessa
  2997 | Temple   | Entered the Ecumenical Temple
  3118 | Temple   | Became a worshipper of Ru the Awakened
  3122 | Temple   | Gained mutation: You are somewhat unskilled. (-1 Apt) [Ru
                  | sacrifice]
  3122 | Temple   | Reached * piety under Ru
  3215 | D:4      | Killed Dowan
  3232 | Temple   | HP: 2/51 [Duvessa/+3 vampiric short sword (12)]
  3245 | Temple   | Killed Duvessa
  3245 | Temple   | Reached XP level 7. HP: 12/57 MP: 6/6
  3523 | D:4      | Found Paunuann's Food Shoppe.
  3756 | D:4      | Found a shimmering altar of Xom.
  3789 | D:4      | Noticed Blork the orc
  3835 | D:4      | Reached skill level 1 in Shields
  3931 | D:4      | Identified the cursed +1 hunting sling of Objectivity
                  | {venom, MP-9 Int+5}
  4237 | D:5      | Entered Level 5 of the Dungeon
  4526 | D:5      | HP: 2/57 [something (5)]
  4927 | D:4      | Reached skill level 5 in Stealth
  5001 | D:5      | Reached skill level 7 in Unarmed Combat
  5245 | D:5      | Reached XP level 8. HP: 19/66 MP: 7/7
  6555 | D:6      | Noticed Prince Ribbit
  6578 | D:6      | Mangled by Prince Ribbit

Illustrated notes

Levels and vault maps discovered:
D:1:      dpeg_arrival_snail, layout_basic
D:2:      layout_loops_cross, minmay_indecisive_spiral
D:3:      kennysheep_big_flooded_room, layout_loops_corners,
          lemuel_doored_altar, led_sif_pool, first_ration
D:4:      layout_basic, temple_fountains, serial_shops, shop, xom_teletrap_fun,
          uniq_duvessa, uniq_blork_the_orc
D:5:      layout_basic, dk_vineyard_1
D:6:      layout_basic, nicolae_dithmenos_shadow_blocks, uniq_sigmund,
          uniq_prince_ribbit1
Temple:   compressed_dpeg_circular_temple

Skill      XL: |  1  2  3  4  5  6  7 |
---------------+----------------------+-----
Unarmed Combat | 4 5 6 7 |  7.9
Stealth        | 3 4 5 |  5.9
Shields        | 2 |  2.7
Fighting       | 4 |  4.7
Dodging        | |  2.4

Action                   |  1- 3 |  4- 6 |  7- 9 || total
-------------------------+-------+-------+-------++-------
Melee: Unarmed           |   107 |   159 |   218 ||   484
       Punch             |     3 |     3 |       ||     6
Throw: Javelin           |       |       |     9 ||     9
Invok: Sacrifice Skill   |       |     1 |       ||     1
  Use: Potion            |       |    11 |     4 ||    15
 Stab: Sleeping          |       |     1 |       ||     1
       Invisible         |       |       |     1 ||     1
  Eat: Chunk             |    13 |    12 |    17 ||    42
Armor: Scale mail        |    45 |    65 |    68 ||   178
Dodge: Dodged            |    52 |    70 |    58 ||   180
Block: Kite shield       |       |       |    74 ||    74
